AoeStats
← Reis

Nomad

506625943Analyzed
4v4 RM · 19d ago on Sep 14, 2026· 22m 32s· 8 players
Game mode
Random Map
Map size
231×231
Population
200
Speed
Normal
Resources
Standard
Victory
Conquest
Starting age
Dark Age
Ending age
Imperial Age
RankedLock teamsTeams togetherTeam positionsShared explorationLock speedFull tech treeHidden civsTurbo modeCheats
Victory
Defeat
🇨🇳 Burmese · China
1582
+9
🇨🇳 Berbers · China
1500
+12
🇨🇳 Turks · China
1412
+16
🇭🇰 Sicilians · Hong Kong SAR China
1041
+29
🇹🇷 Burgundians · Türkiye
1435
-18
🇦🇺 Teutons · Australia
1426
-17
🇨🇳 Portuguese · China
1388
-16
🇨🇭 Byzantines · Switzerland
1360
-15
徽sir
5:25 Loom
15:17 Feudal Age
19:15 Castle Age
17:23 Double-Bit Axe
17:53 Horse Collar
Reis
5:45 Loom
14:10 Feudal Age
19:15 Castle Age
17:11 Double-Bit Axe
17:15 Fishing Lines
18:35 Horse Collar
20:21 Wheelbarrow
20:13 Bow Saw
?
4:22 Loom
14:02 Feudal Age
14:22 Double-Bit Axe
19:29 Castle Age
21:38 Bow Saw
22:30 Wheelbarrow
22:02 Gold Mining
Celeborn
4:32 Loom
13:56 Feudal Age
17:46 Castle Age
16:32 Double-Bit Axe
18:44 Bow Saw
18:54 Medium Warships
19:24 Fletching
22:05 Bodkin Arrow
小兵兵兵
3:35 Loom
15:11 Feudal Age
16:30 Double-Bit Axe
16:36 Horse Collar
18:52 Fletching
21:54 Castle Age
22:39 Bodkin Arrow
23:15 Medium Warships
blurr
4:50 Loom
13:36 Feudal Age
17:31 Castle Age
15:34 Double-Bit Axe
17:02 Wheelbarrow
17:39 Fletching
17:45 Gold Mining
19:03 Bow Saw
19:59 Bodkin Arrow
21:00 Town Watch
21:53 Hand Cart
22:31 Padded Archer Armor
betterlh
15:43 Feudal Age
15:55 Feudal Age
16:40 Loom
16:40 Double-Bit Axe
16:47 Gold Mining
20:40 Castle Age
18:22 Fishing Lines
18:30 Fishing Lines
21:40 Medium Warships
yyx
7:30 Loom
15:37 Feudal Age
16:12 Town Watch
16:19 Gold Mining
19:02 Castle Age
17:33 Scale Barding Armor
17:39 Forging
18:41 Bloodlines
20:00 Husbandry
20:19 Scale Mail Armor
20:54 Chain Barding Armor
20:44 Light Cavalry
Connection lost

Rejoining the realm…

Still unreachable

The connection could not be restored.

Session expired

The server has moved on; the page needs a fresh start.